 Dungeon Crawl Stone Soup version 0.28-a0-401-ge240ad9e29 (webtiles) character file.

Game seed: 8578116744892718119

2565 mistaj the Grappler (level 9, -2/86 (92) HPs)
             Began as a Troll Monk on Sept 4, 2021.
             Was a Priest of Makhleb.
             Succumbed to a killer bee's poison
             ... on level 6 of the Dungeon.
             The game lasted 00:11:14 (5148 turns).

mistaj the Grappler (Troll Monk)                    Turns: 5148, Time: 00:11:15

HP:   -2/86 (92)    AC:  4    Str: 21    XL:     9   Next: 31%
MP:   8/8           EV: 14    Int:  9    God:    Makhleb [***...]
Gold: 320           SH:  0    Dex: 14    Spells: 8/8 levels left

rFire   . . .      SeeInvis .     - Unarmed
rCold   . . .      Faith    +   (no shield)
rNeg    . . .      Spirit   .   a - +0 robe
rPois   .          Reflect  .   (helmet restricted)
rElec   .          Harm     .   (no cloak)
rCorr   .          Rampage  .   (gloves unavailable)
Will    .....                   (boots unavailable)
Stlth   +++.......              t - amulet "Boeher" {Faith Dex+2 Stlth+}
HPRegen 1.24/turn               s - ring of flight
MPRegen 0.11/turn               u - +4 ring of evasion

@: lethally poisoned (-2 -> -16), flying, drained
A: large, unfitting armour, claws 3, regeneration 1, shaggy fur 1, tough skin 1
a: Renounce Religion, Minor Destruction, Lesser Servant of Makhleb


You were on level 6 of the Dungeon.
You worshipped Makhleb.
Makhleb was most pleased with you.
You visited 2 branches of the dungeon, and saw 8 of its levels.

You collected 320 gold pieces.

Inventory:

Hand Weapons
 g - a +0 war axe of flaming
Missiles
 n - 6 poisoned darts (quivered)
 x - 8 silver boomerangs
Armour
 a - a +0 robe (worn)
Jewellery
 s - a ring of flight (left claw)
 t - the amulet "Boeher" (around neck) {Faith Dex+2 Stlth+}
   (You found it on level 6 of the Dungeon)

   [amulet of faith]

   It allows you to gain divine favour quickly.
   Dex:       It affects your dexterity (+2).
   Stlth:     It makes you more stealthy.
 u - a +4 ring of evasion (right claw)
Wands
 j - a wand of paralysis (5)
Scrolls
 c - a scroll of identify
 e - 4 scrolls of teleportation
 i - 2 scrolls of fog
Potions
 d - 2 potions of ambrosia
 k - 3 potions of curing
 l - a potion of mutation
 m - a potion of might
 v - a potion of lignification


   Skills:
 + Level 6.5 Fighting
 - Level 2.4 Dodging
 - Level 1.0 Stealth
 * Level 10.7 Unarmed Combat


You had 8 spell levels left.
You didn't know any spells.
Your spell library contained the following spells:

 Spells                   Type           Power      Damage    Failure   Level
 Animate Skeleton         Necr           0%         N/A       38%         1
 Apportation              Tloc           0%         N/A       38%         1
 Corona                   Hex            0%         N/A       38%         1
 Summon Small Mammal      Summ           0%         N/A       38%         1
 Sublimation of Blood     Necr           0%         N/A       52%         2
 Wereblood                Tmut           0%         N/A       52%         2
 Summon Hydra             Summ           0%         N/A       100%        7


Dungeon Overview and Level Annotations

Branches:
Dungeon (7/15)             Temple (1/1) D:5

Altars:
Fedhas
Makhleb
Nemelex Xobeh
Okawaru
Qazlal
Sif Muna
Trog
Uskayaw
Wu Jian
The Shining One

Shops:
D:3 [!


Innate Abilities, Weirdness & Mutations

You are too large for most types of armour.
You have claws for hands.
Your natural rate of healing is unusually fast.
You are covered in fur. (AC +1)
You have tough skin. (AC +1)


Message History

You barely miss the killer bee.
You feel sick. The killer bee closely misses you.
The killer bee stings you but does no damage.
The wight hits you with a +0 scimitar!
The killer bee stings you but does no damage.
You are too injured to fight recklessly!
You are too injured to fight recklessly!
You are too injured to fight recklessly!
You are too injured to fight recklessly!
You are too injured to fight recklessly!
You are too injured to fight recklessly!
You scratch the wight but do no damage.
You feel sick. The killer bee misses you. The killer bee closely misses you.
The killer bee misses you. The wight misses you.
You barely miss the killer bee.
You feel sick. The killer bee stings you.
You are more poisoned.
The killer bee poisons you! The killer bee stings you!
* * * LOW HITPOINT WARNING * * *
The killer bee closely misses you.
You miss the killer bee.
You feel sick. The killer bee stings you.
* * * LOW HITPOINT WARNING * * *
You are more poisoned.
The killer bee poisons you! The killer bee closely misses you.
The wight barely misses you. The killer bee stings you.
* * * LOW HITPOINT WARNING * * *
The killer bee barely misses you.
You barely miss the killer bee. Your claw misses the killer bee.
You feel very sick.
The killer bee barely misses you. x2; The wight hits you with a +0 scimitar.
* * * LOW HITPOINT WARNING * * *
You feel drained.
* * * LOW HITPOINT WARNING * * *
The killer bee stings you.
* * * LOW HITPOINT WARNING * * *
You are more poisoned.
The killer bee poisons you!
Unknown command.
You scratch the killer bee.
The killer bee is lightly wounded.
You die...

########..#...###..###.....#)#
#.....#..#.....##.........#.#
#.###.#.........<....######.##
#.# #.#).......##..#.##.....#.
####.# #.#..#.##.##....###.#####.
.....# #...>#..#.##....###.##....
###### #..........##..##.#.#....#
# #.......†.y.#.....#....... #
###......@z............... #
#.......y.....###...#.). #
###.......#....#....#... # ###
###....##.......###... # #.##
#...............#.#. ####..##
##...............#.#. .......#
###..#.............#.#.
####...####....#...#.........#.#.
# ##...#....#.#.#.#.........#.#.


You could see 2 killer bees and a wight.

Vanquished Creatures
  Pikel (D:6)
  Menkaure (D:6)
  3 water moccasins
  A black bear (D:5)
  An ice beast (D:3)
  2 ogres
  A necrophage (D:6)
  A sky beast (D:5)
  4 lemures (D:6)
  A centaur (D:4)
  3 phantoms (D:5)
  2 scorpions (D:5)
  A water moccasin skeleton (D:5)
  A killer bee (D:6)
  A bullfrog zombie (D:5)
  6 hounds
  A jelly (D:6)
  2 orc priests (D:6)
  2 iguanas
  An orc wizard (D:6)
  A hound zombie (D:5)
  A hound skeleton (D:5)
  4 adders
  3 gnolls (D:4)
  3 white imps
  An ufetubus (D:6)
  6 dart slugs
  2 worms (D:3)
  11 orcs
  5 ball pythons
  4 bats
  9 endoplasms
  4 giant cockroaches
  8 goblins
  11 hobgoblins
  4 jackals (D:1)
  6 quokkas
  3 frilled lizards
  7 kobolds
  11 rats
140 creatures vanquished.

Notes
Turn   | Place    | Note
-------+----------+-------------------------------------------
     0 | D:1      | mistaj the Troll Monk began the quest for the Orb.
     0 | D:1      | Reached XP level 1. HP: 22/22 MP: 0/0
     1 | D:1      | Found a runed translucent door.
    94 | D:1      | Reached XP level 2. HP: 29/29 MP: 1/1
   379 | D:1      | Reached XP level 3. HP: 36/36 MP: 2/2
   622 | D:1      | Reached skill level 4 in Unarmed Combat
  1264 | D:2      | Reached XP level 4. HP: 45/45 MP: 3/3
  1265 | D:2      | Found a faded altar of an unknown god.
  1445 | D:3      | Noticed an ice beast
  1552 | D:3      | Killed an ice beast
  1553 | D:3      | Reached skill level 5 in Unarmed Combat
  1553 | D:3      | Reached XP level 5. HP: 26/53 MP: 4/4
  1682 | D:3      | Found Dogesame's Distillery.
  1683 | D:3      | Found Deif's Armour Boutique.
  1799 | D:3      | Found a glowing golden altar of the Shining One.
  2436 | D:4      | Noticed an ogre
  2455 | D:4      | Killed an ogre
  2456 | D:4      | Reached skill level 6 in Unarmed Combat
  2456 | D:4      | Reached XP level 6. HP: 37/62 MP: 5/5
  2783 | D:4      | Identified the +4 chain mail of the Nexus {Rampage rElec
                  | rC++ Will-}
  2792 | D:4      | Noticed a water moccasin
  2805 | D:4      | Killed a water moccasin
  2806 | D:4      | Reached XP level 7. HP: 34/70 MP: 6/6
  3073 | D:4      | Found an ornate altar of the Wu Jian Council.
  3193 | D:4      | Reached skill level 7 in Unarmed Combat
  3366 | D:5      | Entered Level 5 of the Dungeon
  3382 | D:5      | Found a staircase to the Ecumenical Temple.
  3392 | Temple   | Entered the Ecumenical Temple
  3403 | Temple   | Became a worshipper of Makhleb the Destroyer
  3403 | Temple   | Reached * piety under Makhleb
  3403 | Temple   | Reached ** piety under Makhleb
  3680 | D:5      | Reached skill level 8 in Unarmed Combat
  3725 | D:5      | Found a hide-covered altar of Uskayaw.
  3725 | D:5      | Found a bloodstained altar of Trog.
  3728 | D:5      | Reached skill level 5 in Fighting
  3728 | D:5      | Reached XP level 8. HP: 75/80 MP: 7/7
  4051 | D:6      | Reached skill level 9 in Unarmed Combat
  4063 | D:6      | Identified the amulet "Boeher" {Faith Dex+2 Stlth+}
  4341 | D:6      | Found an iron altar of Okawaru.
  4362 | D:6      | Noticed Pikel
  4443 | D:6      | Killed Pikel
  4444 | D:6      | Reached skill level 10 in Unarmed Combat
  4444 | D:6      | Reached XP level 9. HP: 81/89 MP: 8/8
  4504 | D:6      | Noticed Menkaure
  4511 | D:6      | Killed Menkaure
  4718 | D:6      | Reached *** piety under Makhleb
  5147 | D:6      | HP: 1/86 [killer bee (4)]
  5148 | D:6      | Succumbed to a killer bee's poison

Illustrated notes

Levels and vault maps discovered:
D:1:      dpeg_arrival_caged_fury, layout_basic
D:2:      layout_rooms, hellmonk_ecumenical_altar_run_dry,
          kennysheep_generic_room_9
D:3:      layout_basic, mainiacjoe_overflow_paths, serial_shops, shop,
          nicolae_shop_statue_plus, minmay_quadrilaterals
D:4:      layout_cave_pools, mainiacjoe_overflow_alcove_4, amethyst_killhole,
          kennysheep_generic_room_10
D:5:      layout_loops_ring, chequers_temple_overflow_statue_of_worship,
          temple_fountains
D:6:      layout_cave_pools, marbit_many_paths, serial_co_window_serial,
          co_window_paths_a, co_window_corner_a, co_window_paths_a,
          co_window_paths_b, co_window_paths_b, co_window_cross_1,
          co_window_paths_b, co_window_2corner, co_window_of_opportunity_c,
          co_window_paths_c, co_window_of_opportunity_b, co_window_corner_ca,
          co_window_broadway_b, co_window_broadway_a, glass_columns_a,
          glass_columns_a, glass_columns_a, uniq_pikel, uniq_menkaure
D:7:      minmay_flawed_box, layout_rooms, minmay_fractal_squares_gapless_5
Temple:   nicolae_temple_hex_pool

Skill      XL: |  1  2  3  4  5  6  7  8 |
---------------+-------------------------+-----
Unarmed Combat | 4 5 6 8 10 | 10.7
Fighting       | 3 4 5 6 |  6.5
Dodging        | |  2.4
Stealth        | |  1.0

Action                   |  1- 3 |  4- 6 |  7- 9 || total
-------------------------+-------+-------+-------++-------
Melee: Unarmed           |   104 |   126 |   171 ||   401
       Punch             |     1 |     1 |     7 ||     9
  Use: Scroll            |       |       |    15 ||    15
 Stab: Sleeping          |     3 |     3 |     4 ||    10
Armor: Robe              |    42 |    29 |    28 ||    99
Dodge: Dodged            |    71 |    49 |    95 ||   215

Table legend: (Time is in decaauts)
 A = Elapsed time spent in this place.
 B = Non-inter-level travel time spent in this place.
 C = Inter-level travel time spent in this place.
 D = Time resting spent in this place.
 E = Time spent auto-exploring this place.
 F = Levels seen in this place.
 G = Mean time per level.
                   A        B        C        D        E       F      G
               +--------+--------+--------+--------+--------+-----+--------+
         Total |   5096 |   4977 |    119 |    876 |   2761 |   8 |  637.0 |
       Dungeon |   5067 |   4961 |    106 |    876 |   2757 |   7 |  723.9 |
        Temple |     28 |     15 |     13 |      0 |      4 |   1 |   28.0 |
               +--------+--------+--------+--------+--------+-----+--------+

Top non-repeatable levels by time:
     D:6: 1059 daAuts
     D:4: 1003 daAuts
     D:3: 921 daAuts
     D:1: 897 daAuts
     D:5: 634 daAuts
     D:2: 520 daAuts
     D:7: 31 daAuts
  Temple: 28 daAuts
